 Dungeon Crawl Stone Soup version 0.30-a0-134-gb40fab5c76 (webtiles) character file.

Game seed: 11202387932467923372

167458 Engwar the Wrestler (level 17, -2/178 HPs)
             Began as a Troll Fighter on Sept 19, 2022.
             Was the Champion of Wu Jian.
             Shot with a bolt by a naga sharpshooter (16 damage)
             ... on level 3 of the Snake Pit.
             The game lasted 01:13:20 (25379 turns).

Engwar the Wrestler (Troll Fighter)                Turns: 25379, Time: 01:13:20

Health: -2/178     AC: 13    Str: 37    XL:     17   Next: 31%
Magic:  16/16      EV: 10    Int: 10    God:    Wu Jian [******]
Gold:   1176       SH: 18    Dex:  9    Spells: 16/16 levels left

rFire   + + +      SeeInvis .      - Unarmed
rCold   + + .      Faith    .    b - +2 kite shield
rNeg    + . .      Spirit   .    n - +1 ice dragon scales
rPois   +          Reflect  +    P - +1 hat of Space {rF+++ Regen+ rCorr Str+3 Stlth-}
rElec   +          Harm     .    B - scarf {repulsion}
rCorr   +          Rampage  .    (gloves unavailable)
Will    +....                    (boots unavailable)
Stlth   ..........               m - amulet of reflection
HPRegen 1.99/turn                t - ring of Demun {rElec rN+}
MPRegen 0.15/turn                R - ring "Wyge" {rPois rF+ Str+6}

@: lethally poisoned (-2 -> -3), repel missiles
A: large, unfitting armour, claws 3, regeneration 1, shaggy fur 1, tough skin 1
a: Renounce Religion, Wall Jump, Serpent's Lash, Heavenly Storm


You were on level 3 of the Snake Pit.
You worshipped Wu Jian.
Wu Jian was exalted by your worship.
You visited 5 branches of the dungeon, and saw 26 of its levels.
You visited 1 bazaar.
You also visited: Bailey, Gauntlet and Ice Cave.

You collected 2819 gold pieces.
You spent 1643 gold pieces at shops.

Inventory:

Missiles
 w - 15 javelins (quivered)
Armour
 b - a +2 kite shield (worn)
 n - +1 ice dragon scales (worn)
 o - a +2 cloak
 p - +4 acid dragon scales
 B - a scarf of repulsion (worn)
 H - a +2 robe of willpower
 P - the +1 hat of Space (worn) {rF+++ Regen+ rCorr Str+3 Stlth-}
   (You acquired it on level 5 of the Lair of Beasts)

   Str:       It affects your strength (+3).
   rF:        It renders you almost immune to fire.
   Regen:     It increases your rate of health regeneration.
   rCorr:     It protects you from acid and corrosion.
   Stlth:     It makes you less stealthy.
Jewellery
 l - a ring of protection from cold
 m - an amulet of reflection (around neck)
 t - the ring of Demun (left claw) {rElec rN+}
   (You bought it in a shop on level 2 of the Orcish Mines)

   [ring of positive energy]

   rElec:     It insulates you from electricity.
   rN:        It protects you from negative energy.
 v - the ring "Gomag" {rF+ Int+6 Slay+3}
   (You bought it in a shop on level 2 of the Orcish Mines)

   [ring of intelligence]

   Int:       It affects your intelligence (+6).
   Slay:      It affects your accuracy & damage with ranged weapons and melee
   (+3).
   rF:        It protects you from fire.
 Q - a ring of wizardry
 R - the ring "Wyge" (right claw) {rPois rF+ Str+6}
   (You found it on level 4 of the Lair of Beasts)

   [ring of strength]

   Str:       It affects your strength (+6).
   rF:        It protects you from fire.
   rPois:     It protects you from poison.
 S - the ring of Virtue {Fly SInv}
   (You bought it in a shop on level 2 of the Snake Pit)

   [ring of flight]

   SInv:      It lets you see invisible.
   Fly:       It grants you flight.
 W - a ring of resist corrosion
Wands
 j - a wand of polymorph (14)
 x - a wand of charming (7)
 A - a wand of flame (38)
 C - a wand of roots (21)
 G - a wand of mindburst (10)
 O - a wand of light (9)
 T - a wand of digging (2)
Scrolls
 a - 4 scrolls of magic mapping
 d - 2 scrolls of brand weapon
 g - 10 scrolls of teleportation
 r - 5 scrolls of immolation
 u - 5 scrolls of silence
 y - 5 scrolls of blinking
 z - 2 scrolls of amnesia
 L - 4 scrolls of fog
 M - 9 scrolls of identify
 N - 2 scrolls of fear
 U - a scroll of poison
Potions
 c - 6 potions of might
 e - 3 potions of brilliance
 f - 6 potions of cancellation
 h - 2 potions of flight
 i - 16 potions of curing
 k - 3 potions of berserk rage
 q - 4 potions of ambrosia
 s - 2 potions of heal wounds
 D - 4 potions of mutation
 E - 5 potions of lignification
 I - 3 potions of magic
 J - 2 potions of haste
 K - 3 potions of attraction
 V - a potion of resistance
Miscellaneous
 F - a piece from Xom's chessboard (15/15)


   Skills:
 - Level 13.3 Fighting
 - Level 9.9 Dodging
 - Level 13.3 Shields
 - Level 21.1 Unarmed Combat
 + Level 3.5 Evocations


You had 16 spell levels left.
You didn't know any spells.
Your spell library contained the following spells:

 Spells                   Type           Power      Damage    Failure   Level
 Freeze                   Ice            0%         1d3       80%         1
 Necrotise                Necr           0%         1d4       80%         1
 Slow                     Hex            0%         N/A       80%         1
 Sting                    Tmut/Pois      0%         1d3       80%         1
 Blink                    Tloc           0%         N/A       90%         2
 Ensorcelled Hibernation  Hex/Ice        0%         N/A       90%         2
 Poisonous Vapours        Pois/Air       0%         N/A       90%         2
 Confusing Touch          Hex            0%         N/A       99%         3
 Dazzling Flash           Conj/Hex       0%         N/A       99%         3
 Frozen Ramparts          Ice            0%         1d1       99%         3
 Inner Flame              Hex/Fire       0%         N/A       99%         3
 Kindle Blastsparks       Fire/Tloc/Air  0%         2d10      99%         3
 Lesser Beckoning         Tloc           0%         N/A       99%         3
 Spider Form              Tmut/Pois      0%         N/A       99%         3
 Vampiric Draining        Necr           0%         2d6       99%         3
 Anguish                  Hex/Necr       0%         N/A       100%        4
 Animate Dead             Necr           0%         N/A       100%        4
 Cause Fear               Hex            0%         N/A       100%        4
 Hailstorm                Conj/Ice       0%         3d3       100%        4
 Ice Form                 Ice/Tmut       0%         N/A       100%        4
 Iskenderun's Mystic Bla  Conj/Tloc      0%         2d3       100%        4
 Manifold Assault         Tloc           0%         N/A       100%        4
 Olgreb's Toxic Radiance  Pois           0%         N/A       100%        4
 Summon Ice Beast         Ice/Summ       0%         N/A       100%        4
 Summon Lightning Spire   Summ/Air       0%         N/A       100%        4
 Agony                    Necr           0%         N/A       100%        5
 Borgnjor's Vile Clutch   Necr/Erth      0%         N/A       100%        5
 Lightning Bolt           Conj/Air       0%         1d11      100%        5
 Silence                  Hex/Air        0%         N/A       100%        5
 Summon Forest            Summ/Tloc      0%         N/A       100%        5
 Summon Mana Viper        Hex/Summ       0%         N/A       100%        5
 Death Channel            Necr           0%         N/A       100%        6
 Starburst                Conj/Fire      0%         6d3       100%        6
 Summon Cactus Giant      Summ           0%         N/A       100%        6
 Monstrous Menagerie      Summ           0%         N/A       100%        7
 Discord                  Hex            0%         N/A       100%        8


Dungeon Overview and Level Annotations

Branches:
Dungeon (15/15)            Temple (1/1) D:7            Lair (5/5) D:11
 Shoals (0/4) Lair:2        Snake (3/4) Lair:2        Slime (0/5) Lair:5
    Orc (2/2) D:9             Elf (0/3) Orc:2        Vaults (0/5) D:13
 Depths (0/4) D:15         Bailey (visited)           IceCv (visited)
Gauntlet (visited)

Altars:
Ashenzari
Cheibriados
Dithmenos
Elyvilon
Fedhas
Gozag
Hepliaklqana
Kikubaaqudgha
Makhleb
Nemelex Xobeh
Okawaru
Qazlal
Ru
Sif Muna
Trog
Uskayaw
Vehumet
Wu Jian
Xom
Yredelemnul
Zin
The Shining One
Jiyva

Shops:
D:14 (   Orc:2 (*=(?[(   Snake:1 **?=*(?   Snake:2 =:=


Innate Abilities, Weirdness & Mutations

You are too large for most types of armour.
You have claws for hands.
Your natural rate of healing is unusually fast.
You are covered in fur. (AC +1)
You have tough skin. (AC +1)


Message History

You eviscerate the naga warrior!!!
The naga warrior is heavily wounded.
The naga sharpshooter shoots a bolt.
You reflect the bolt off an invisible shield around you!
The bolt barely misses the naga sharpshooter.
The bolt hits the naga sharpshooter!
You block the naga warrior's attack. The naga warrior grabs you.
The naga warrior constricts you.
* * * LOW HITPOINT WARNING * * *
The naga sharpshooter spits poison at you.
The splash of poison reflects off an invisible shield around you!
The splash of poison hits the naga sharpshooter.
The naga sharpshooter shoots an arrow.
The arrow barely misses you.
The arrow misses the naga warrior.
The arrow hits the naga sharpshooter!
The naga sharpshooter dies!
You closely miss the naga warrior.
The naga warrior is heavily wounded.
The naga sharpshooter spits poison at you.
The splash of poison hits you but does no damage.
You are poisoned.
You resist.
The naga sharpshooter casts a spell.
The naga sharpshooter magically shoots an arrow.
You reflect the arrow off an invisible shield around you!
The naga warrior spits poison at you. The splash of poison hits you.
You resist.
* * * LOW HITPOINT WARNING * * *
The naga warrior constricts you.
The naga sharpshooter casts a spell.
The naga sharpshooter magically shoots a bolt.
The bolt hits you.
* * * LOW HITPOINT WARNING * * *
You eviscerate the naga warrior!!!
You kill the naga warrior!
The Council accepts your kill.
You feel sick.
The naga sharpshooter shoots an arrow.
The arrow closely misses you.
The naga sharpshooter shoots an arrow.
The arrow hits you!!
* * * LOW HITPOINT WARNING * * *
The naga sharpshooter shoots a bolt.
The bolt hits you!
You die...

##### ....# ....#
#(...## .......
####.#....#
####..........
#NN@<))....:#
#......N)N†......#
#.....NN.N.#.....#
...........N.#...#
..##.##......#####
# #...........
####.........
##........


You could see 5 naga sharpshooters and 3 nagas.

Vanquished Creatures
  Rupert (D:13)
  2 frost giants (IceCv)
  An orc warlord (Bailey)
  A minotaur (Gauntlet)
  Azrael (D:13)
  A white draconian (IceCv)
  Snorg (Lair:4)
  An ogre mage (D:13)
  Josephine (D:14)
  A great orb of eyes (D:15)
  6 hydras
  5 ironbound frosthearts (IceCv)
  8 ice dragons (IceCv)
  5 anacondas
  Erica (D:9)
  2 catoblepae
  5 boulder beetles
  6 centaur warriors
  7 two-headed ogres
  2 death scarabs (Gauntlet)
  Urug (D:13)
  4 death yaks (Lair:5)
  3 naga sharpshooters
  2 thrashing horrors (Gauntlet)
  The ghost of tensugalgo the Arsonist, a novice OpEE of Gozag (D:11)
  12 naga warriors
  9 shock serpents
  2 spectral death yaks (Gauntlet)
  A salamander mystic (Snake:2)
  An orange crystal statue (IceCv)
  2 lindwurms
  2 naga ritualists
  4 orc knights
  3 deep elf pyromancers (D:15)
  2 orc sorcerers
  4 mana vipers
  23 ugly things
  2 cyclopes
  An elephant (shapeshifter) (D:15)
  19 black mambas
  7 salamanders
  2 guardian serpents (Snake:2)
  5 manticores
  4 elephants (Lair:2)
  7 naga magi
  A torpor snail (Lair:5)
  16 cane toads
  19 rime drakes
  Maggie (D:6)
  3 gargoyles
  14 komodo dragons
  3 kobold demonologists (D:11)
  An unseen horror (D:11)
  3 freezing wraiths (D:15)
  A queen bee (Lair:2)
  10 trolls
  6 meliai (D:15)
  13 polar bears
  3 hornets (Lair:5)
  24 slime creatures
  A wind drake (Lair:2)
  8 blink frogs
  A spectral dream sheep (Gauntlet)
  A dream sheep (Lair:5)
  2 shadows (D:9)
  13 spriggans (Lair:5)
  5 fire elementals (D:13)
  5 wraiths (D:14)
  38 yaks
  A vampire (D:14)
  19 wyverns
  16 basilisks
  4 steam dragons
  8 vampire mosquitoes
  A warg (Orc:1)
  3 hell hounds (D:13)
  23 nagas
  4 acid dragons
  14 water moccasins
  12 black bears
  39 orc warriors
  23 ogres
  An ice beast (D:7)
  4 boggarts (Lair:5)
  2 small abominations (Gauntlet)
  44 wolves
  19 centaurs
  A phantom (D:7)
  Blork the orc (D:7)
  9 kobold brigands
  9 bullfrogs
  4 gnoll sergeants
  4 scorpions
  2 necrophages
  18 wights
  38 killer bees
  3 electric eels
  3 howler monkeys (D:8)
  3 jellies
  8 orc priests
  3 hounds
  Jessica (D:2)
  A gnoll bouda (D:5)
  8 iguanas
  14 orc wizards
  7 hell rats (Lair:4)
  Robin (D:2)
  13 gnolls
  5 adders
  2 shadow imps
  3 white imps
  An ufetubus (D:6)
  A worm (D:2)
  4 dart slugs
  69 orcs
  9 ball pythons
  8 endoplasms
  2 giant cockroaches
  11 goblins
  10 hobgoblins
  10 jackals
  3 quokkas
  10 bats
  2 frilled lizards (D:1)
  25 kobolds
  6 rats
942 creatures vanquished.

Vanquished Creatures (others)
  A frost giant (IceCv)
  A naga sharpshooter (Snake:3)
  A hornet (D:10)
  A polar bear (IceCv)
  A killer bee (Lair:2)
  An orc (D:10)
  A kobold (D:10)
  37 fungi
  63 plants
107 creatures vanquished.

Grand Total: 1049 creatures vanquished

Notes
Turn   | Place    | Note
-------+----------+-------------------------------------------
     0 | D:1      | Engwar the Troll Fighter began the quest for the Orb.
     0 | D:1      | Reached XP level 1. HP: 22/22 MP: 0/0
    87 | D:1      | Reached XP level 2. HP: 29/29 MP: 1/1
   310 | D:1      | Found a faded altar of an unknown god.
   662 | D:2      | Reached XP level 3. HP: 36/36 MP: 2/2
   781 | D:2      | Reached skill level 3 in Unarmed Combat
   880 | D:2      | Noticed Jessica
   895 | D:2      | Killed Jessica
   896 | D:2      | Reached XP level 4. HP: 44/44 MP: 3/3
   952 | D:2      | Noticed Robin
   965 | D:2      | Killed Robin
  1331 | D:2      | Reached XP level 5. HP: 47/53 MP: 4/4
  1343 | D:3      | Reached skill level 4 in Unarmed Combat
  1509 | D:3      | Found a hide-covered altar of Uskayaw.
  1509 | D:3      | Found an iron altar of Okawaru.
  1725 | D:4      | Identified the +0 helmet of Gluttony {rC+ rN+ Str-2 Dex+4}
  1991 | D:4      | Reached XP level 6. HP: 61/61 MP: 5/5
  2194 | D:5      | Entered Level 5 of the Dungeon
  2232 | D:5      | Reached skill level 5 in Unarmed Combat
  2294 | D:5      | Reached XP level 7. HP: 68/68 MP: 6/6
  2377 | D:5      | Reached skill level 6 in Unarmed Combat
  2415 | D:5      | Found a shimmering blue altar of Sif Muna.
  2907 | D:6      | Reached skill level 5 in Shields
  2930 | D:6      | Reached XP level 8. HP: 79/79 MP: 7/7
  2997 | D:6      | Noticed Maggie
  3013 | D:6      | Killed Maggie
  3014 | D:6      | Reached skill level 7 in Unarmed Combat
  3174 | D:6      | Reached skill level 5 in Fighting
  3214 | D:6      | Identified the +4 leather armour "Teuqyn" {Dex+3}
  3234 | D:6      | Reached skill level 8 in Unarmed Combat
  3383 | D:6      | You fall into a shaft and drop 2 floors!
  3480 | D:7      | Found an ancient bone altar of Kikubaaqudgha.
  3491 | D:7      | Found a staircase to the Ecumenical Temple.
  3505 | Temple   | Entered the Ecumenical Temple
  4071 | D:7      | Reached XP level 9. HP: 88/88 MP: 8/8
  4085 | D:7      | Found a glowing golden altar of the Shining One.
  4288 | D:7      | Noticed Blork the orc
  4297 | D:7      | Killed Blork the orc
  4306 | D:7      | Reached skill level 9 in Unarmed Combat
  4757 | D:7      | Found an ornate altar of the Wu Jian Council.
  4848 | D:7      | Became a worshipper of the Wu Jian Council
  5351 | D:8      | Reached skill level 10 in Unarmed Combat
  5373 | D:8      | Reached XP level 10. HP: 77/98 MP: 9/9
  5544 | D:8      | Found a shadowy altar of Dithmenos.
  5807 | D:8      | Found a glowing silver altar of Zin.
  6145 | D:9      | Reached * piety under Wu Jian
  6218 | D:9      | Found a stormy altar of Qazlal.
  6301 | D:9      | Found a staircase to the Orcish Mines.
  6383 | D:9      | Reached skill level 11 in Unarmed Combat
  6482 | D:9      | Found a snail-covered altar of Cheibriados.
  6485 | D:9      | Found a white marble altar of Elyvilon.
  6589 | D:9      | Noticed a brown ugly thing
  6601 | D:9      | Killed a brown ugly thing
  6602 | D:9      | Reached skill level 5 in Dodging
  6672 | D:9      | Noticed Erica
  6683 | D:9      | Killed Erica
  6683 | D:9      | Reached ** piety under Wu Jian
  6734 | D:9      | Reached XP level 11. HP: 109/109 MP: 10/10
  7013 | D:9      | Found a blossoming altar of Fedhas.
  7082 | D:9      | Found a hazy altar of Hepliaklqana.
  7083 | D:9      | Found a broken altar of Ashenzari.
  7219 | D:10     | Entered Level 10 of the Dungeon
  7219 | D:10     | Found a flagged portal.
  7228 | Bailey   | Entered a bailey
  7238 | Bailey   | Noticed an orc warlord
  7238 | Bailey   | Found the +8 autumn katana {vorpal, manifold assault}
  7285 | Bailey   | Found a runed translucent gate.
  7285 | Bailey   | Found a runed translucent gate.
  7310 | Bailey   | Found a runed translucent gate.
  7316 | Bailey   | Noticed an orc knight
  7339 | Bailey   | Killed an orc knight
  7408 | Bailey   | Noticed an orc knight
  7427 | Bailey   | Killed an orc knight
  7495 | Bailey   | Killed an orc warlord
  7496 | Bailey   | Reached skill level 12 in Unarmed Combat
  7525 | Bailey   | Reached skill level 13 in Unarmed Combat
  7525 | Bailey   | Reached XP level 12. HP: 120/120 MP: 4/11
  7622 | D:10     | Noticed an eight-headed hydra
  7622 | D:10     | Noticed a centaur warrior
  7627 | D:10     | Noticed a boulder beetle
  7628 | D:10     | Noticed a death knight
  7742 | D:10     | Paralysed by a hornet for 2 turns
  7916 | D:10     | Noticed a boulder beetle
  7962 | D:10     | Killed a boulder beetle
  8218 | D:11     | Reached *** piety under Wu Jian
  8248 | D:11     | Found a staircase to the Lair.
  8405 | D:11     | Noticed a two-headed ogre
  8411 | D:11     | Killed a two-headed ogre
  8547 | D:11     | Reached skill level 14 in Unarmed Combat
  8628 | D:11     | Found a runed translucent gate.
  8628 | D:11     | Noticed tensugalgo's ghost (novice OpEE)
  8629 | D:11     | Found a runed translucent gate.
  8629 | D:11     | Found a runed translucent gate.
  8638 | D:11     | Killed tensugalgo's ghost
  8870 | D:12     | Noticed a two-headed ogre
  8875 | D:12     | Reached **** piety under Wu Jian
  8887 | D:12     | Reached XP level 13. HP: 124/131 MP: 12/12
  9501 | D:12     | Reached skill level 10 in Shields
  9736 | Orc:1    | Entered Level 1 of the Orcish Mines
  9736 | Orc:1    | You fall into a shaft and drop 1 floor!
  9736 | Orc:2    | Entered Level 2 of the Orcish Mines
  9736 | Orc:2    | Found Ulepn's Firing Range.
  9887 | Orc:2    | Reached skill level 15 in Unarmed Combat
  9955 | Orc:2    | Found a flickering gateway to a bazaar.
  9963 | Orc:2    | Reached ***** piety under Wu Jian
  9972 | Orc:2    | Found Foilainn's Magic Scroll Shop.
  9995 | Bazaar   | Entered a bazaar
 10013 | Bazaar   | Found Catege's Book Emporium.
 10013 | Bazaar   | Found Cisua's Armour Shoppe.
 10038 | Bazaar   | Found Keocrax's Magic Scroll Emporium.
 10038 | Bazaar   | Found Vorampintu's Antique Weapon Shoppe.
 10065 | Bazaar   | Found Owiweros's Magic Scroll Emporium.
 10065 | Bazaar   | Found Rueddi Hamo's Antique Weapon Shoppe.
 10090 | Bazaar   | Found Qyojo's Distillery.
 10090 | Bazaar   | Found Hudo's Antique Armour Shoppe.
 10149 | Bazaar   | Bought a scroll of identify for 32 gold pieces
 10149 | Bazaar   | Bought a scroll of identify for 32 gold pieces
 10149 | Bazaar   | Bought a scroll of fog for 64 gold pieces
 10167 | Bazaar   | Bought a scroll of identify for 24 gold pieces
 10202 | Bazaar   | Bought a potion of attraction for 45 gold pieces
 10202 | Bazaar   | Bought a potion of mutation for 120 gold pieces
 10362 | Orc:2    | Found a staircase to the Elven Halls.
 10457 | Orc:2    | Found Buen's Jewellery Emporium.
 10457 | Orc:2    | Found Gokkuif's Assorted Antiques.
 10459 | Orc:2    | Found Oxapuadu's Weapon Shop.
 10461 | Orc:2    | Found Deof's Weapon Shoppe.
 10470 | Orc:2    | Bought a bound platinum ring for 145 gold pieces
 10470 | Orc:2    | Identified the ring of Demun {rElec rN+} (You bought it in
                  | a shop on level 2 of the Orcish Mines)
 10531 | Orc:2    | Bought a scroll of identify for 24 gold pieces
 10590 | Orc:2    | Found Owaveot's Antique Armour Emporium.
 11541 | Orc:2    | Bought the ring "Gomag" {rF+ Int+6 Slay+3} for 813 gold
                  | pieces
 11815 | D:13     | Found a sparkling altar of Nemelex Xobeh.
 11937 | D:13     | Found a gate to the Vaults.
 12005 | D:13     | Noticed Rupert
 12019 | D:13     | Killed Rupert
 12158 | D:13     | Reached XP level 14. HP: 133/141 MP: 13/13
 12255 | D:13     | Noticed Urug
 12270 | D:13     | Killed Urug
 12271 | D:13     | Reached skill level 10 in Fighting
 12403 | D:13     | Reached skill level 16 in Unarmed Combat
 12479 | D:13     | Noticed Azrael
 12512 | D:13     | Killed Azrael
 13117 | Lair:1   | Entered Level 1 of the Lair of Beasts
 13182 | Lair:1   | Reached ****** piety under Wu Jian
 14016 | Lair:2   | Found a staircase to the Snake Pit.
 14193 | Lair:2   | Identified the +0 scale mail of Vehumet's Approval {rElec
                  | rCorr}
 14769 | Lair:2   | Found a staircase to the Shoals.
 15473 | Lair:3   | Identified the +1 plate armour "Vyuru" {rC+ Dex+5}
 15503 | Lair:3   | Reached skill level 17 in Unarmed Combat
 16720 | Lair:4   | Reached XP level 15. HP: 152/152 MP: 14/14
 16816 | Lair:4   | Identified the ring "Wyge" {rPois rF+ Str+6}
 16902 | Lair:4   | Noticed Snorg
 16911 | Lair:4   | Killed Snorg
 17392 | Lair:5   | Entered Level 5 of the Lair of Beasts
 17446 | Lair:5   | Identified a scroll of acquirement
 17446 | Lair:5   | Acquired the +1 hat of Space {rF+++ Regen+ rCorr Str+3
                  | Stlth-}
 17499 | Lair:5   | Found a staircase to the Slime Pits.
 17500 | Lair:5   | Found a viscous altar of Jiyva.
 17586 | Lair:5   | Found a gate leading to a gauntlet.
 17595 | Gauntlet | Entered a Gauntlet
 17595 | Gauntlet | Found a transporter.
 17599 | Gauntlet | Found a transporter.
 17602 | Gauntlet | Found a transporter.
 17604 | Gauntlet | Found a transporter.
 17605 | Gauntlet | Found a transporter.
 17606 | Gauntlet | Found a transporter.
 17610 | Gauntlet | Found a runed translucent door.
 17612 | Gauntlet | Found a runed translucent door.
 17614 | Gauntlet | Found a transporter.
 17616 | Gauntlet | Found a transporter.
 17717 | Gauntlet | Identified the +9 glaive of Himemum {venom, rN+ Str+2
                  | Int+3}
 17916 | Lair:5   | Reached skill level 18 in Unarmed Combat
 18458 | Lair:5   | Got Jatzam's Compendium of Air
 19380 | D:14     | Noticed Josephine
 19382 | D:14     | Found Jacuivejyfu's Antique Weapon Shop.
 19407 | D:14     | Killed Josephine
 19602 | D:14     | Found a hazy altar of Hepliaklqana.
 19864 | D:15     | Entered Level 15 of the Dungeon
 20080 | D:15     | Reached XP level 16. HP: 118/165 MP: 15/15
 20135 | D:15     | Reached skill level 19 in Unarmed Combat
 20180 | D:15     | Found a frozen archway.
 20196 | IceCv    | Entered an ice cave
 21009 | IceCv    | HP: 8/165 [ice dragon/blast of cold (27)]
 21811 | D:15     | Reached skill level 20 in Unarmed Combat
 22258 | D:15     | Found a staircase to the Depths.
 22572 | Snake:1  | Entered Level 1 of the Snake Pit
 22575 | Snake:1  | Found Vuyhaph's Magic Scroll Shop.
 22577 | Snake:1  | Found Nezybbemu's Weapon Boutique.
 22579 | Snake:1  | Found Domonyts's General Store.
 22641 | Snake:1  | Found Syloump's Jewellery Emporium.
 22795 | Snake:1  | Found Ykeuch's Assorted Antiques.
 22804 | Snake:1  | Found Ule Bott's General Store.
 22945 | Snake:1  | Found Walamoz's Magic Scroll Emporium.
 24006 | Snake:2  | Reached XP level 17. HP: 170/176 MP: 16/16
 24342 | Snake:2  | Reached skill level 21 in Unarmed Combat
 24588 | Snake:2  | Found Plog's Jewellery Emporium.
 24591 | Snake:2  | Found Maitsule's Book Shop.
 24592 | Snake:2  | Found Sopnusei's Jewellery Emporium.
 24608 | Snake:2  | Bought the ring of Virtue {Fly SInv} for 344 gold pieces
 24931 | Snake:2  | Reached skill level 1 in Evocations
 25379 | Snake:3  | Shot with a bolt by a naga sharpshooter

Illustrated notes

Levels and vault maps discovered:
D:1:      minmay_arrival_up_and_down, layout_basic,
          hellmonk_ecumenical_altar_inner_sanctum, serial_rivers,
          chequers_serial_rivers_small_3, chequers_serial_rivers_micro_e,
          chequers_serial_rivers_room_a, chequers_serial_rivers_micro_b
D:2:      layout_basic, uniq_jessica, uniq_robin
D:3:      layout_rooms, nicolae_overflow_two_pavilions
D:4:      layout_gridville
D:5:      layout_cave_pools, kennysheep_orc_sif_temple, st_stairs_7
D:6:      layout_loops_ring, uniq_maggie
D:7:      layout_gridville, mainiacjoe_overflow_concentric_impassable,
          nzn_wu_jian_council_hall, mainiacjoe_overflow_small_starburst,
          minmay_temple_entry_statues_fountains, sword_in_stone
D:8:      layout_basic, zin_scriptorium, amcnicky_altar_gilded,
          nicolae_water_bricks, glass_columns_b
D:9:      layout_long_grid, old_standard_altar, gammafunk_temple_overflow_pools,
          kennysheep_mini, nicolae_overflow_squiral,
          kennysheep_orc_monster_closet_entryway, uniq_erica
D:10:     layout_basic, enter_bailey_2, grunt_ministairs_14,
          onia_ninara_dug_in_and_dangerous
D:11:     layout_roguey, minmay_lair_entry_grove, ebering_ghost_rock_garden
D:12:     layout_cave_pools
D:13:     layout_stronghold, david_vaults_2, minmay_door_square,
          nemelex_diamond_rough_becter, uniq_rupert, uniq_urug, uniq_azrael
D:14:     minmay_inner_zag, layout_irregular_city,
          nicolae_hepliaklqana_hazy_memory, serial_shops, shop,
          evilmike_minifort, uniq_josephine
D:15:     gammafunk_enter_depths_forms, layout_stronghold,
          portal_ice_cave_entry_frozen_things
Temple:   hellmonk_temple_flake
Lair:1:   layout_small_grid, grunt_megastairs_2
Lair:2:   regret_index_tunnel_blossom, layout_misc_corridors,
          minmay_shoals_entry_beasts
Lair:3:   layout_cave_pods
Lair:4:   layout_roguey [special_room_mythical_zoo], serial_bayou_shore_a,
          uniq_snorg
Lair:5:   minmay_lair_end_enchanted_forest, layout_regular_city, slime_entry_1,
          gauntlet_entry_generic, lemuel_fruit_tree
Snake:1:  layout_chambers, serial_shops, shop_fountains,
          nicolae_shop_overgrown_old_shop, nicolae_shop_crystal, shop,
          minmay_shop_star
Snake:2:  layout_layer_cave, minmay_shop_grove
Snake:3:  layout_misc_corridors, drop_trap, nicolae_snake_snake_lake,
          uniq_jorgrun, uniq_aizul
Orc:1:    lemuel_ogre_cave, layout_caves
Orc:2:    st_orc_rangers, layout_caves, serial_shops, bzr_entry_gold,
          nicolae_shop_window_shopping, shop, special_room,
          nicolae_shop_firing_range

Skill      XL: |  1  2  3  4  5  6  7  8  9 10 11 12 13 14 15 16 17 |
---------------+----------------------------------------------------+-----
Shields        | 3 4 5 6 7 8 9 10 11 12 13 | 13.3
Unarmed Combat | 3 4 5 6 8 10 11 13 14 15 17 18 20 21 | 21.1
Fighting       | 3 4 5 6 7 8 9 10 11 13 | 13.3
Dodging        | 3 5 6 7 8 9 |  9.9
Evocations     | 3 |  3.5

Action                   |  1- 3 |  4- 6 |  7- 9 | 10-12 | 13-15 | 16-18 || total
-------------------------+-------+-------+-------+-------+-------+-------++-------
Melee: Unarmed           |   104 |   163 |   269 |   503 |  1455 |   622 ||  3116
Invok: Lunge             |       |       |     2 |    24 |    84 |    47 ||   157
       Whirlwind         |       |       |       |    10 |    72 |    33 ||   115
       Serpent's Lash    |       |       |       |       |     1 |     2 ||     3
       Heavenly Storm    |       |       |       |       |       |     1 ||     1
  Use: Scroll            |       |    10 |    10 |     1 |    12 |     3 ||    36
       Potion            |       |       |       |     2 |     3 |     4 ||     9
 Stab: Invisible         |       |       |       |       |     1 |       ||     1
Armor: Robe              |    33 |    51 |    14 |       |       |       ||    98
       Acid dragon scale |       |       |    43 |   102 |   314 |    43 ||   502
       Ice dragon scales |       |       |       |       |       |    84 ||    84
Dodge: Dodged            |    37 |    38 |    41 |    94 |   318 |   139 ||   667
       Repelled          |       |       |       |       |       |     3 ||     3
Block: Kite shield       |    53 |   112 |   191 |   337 |  1078 |   423 ||  2194
       Reflection        |       |       |     1 |    18 |    79 |    59 ||   157

Table legend: (Time is in decaauts)
 A = Elapsed time spent in this place.
 B = Non-inter-level travel time spent in this place.
 C = Inter-level travel time spent in this place.
 D = Time resting spent in this place.
 E = Time spent auto-exploring this place.
 F = Levels seen in this place.
 G = Mean time per level.
                   A        B        C        D        E       F      G
               +--------+--------+--------+--------+--------+-----+--------+
         Total |  24991 |  23485 |   1506 |   1838 |  14967 |  30 |  833.0 |
       Dungeon |  13060 |  12027 |   1033 |    726 |   8291 |  15 |  870.7 |
        Temple |    149 |    149 |      0 |      0 |    131 |   1 |  149.0 |
          Lair |   5454 |   5184 |    270 |    369 |   3528 |   5 | 1090.8 |
     Snake Pit |   2726 |   2677 |     49 |    148 |   2073 |   3 |  908.7 |
  Orcish Mines |   1557 |   1403 |    154 |    103 |    673 |   2 |  778.5 |
        Bazaar |    232 |    232 |      0 |      0 |      0 |   1 |  232.0 |
        Bailey |    295 |    295 |      0 |      0 |      0 |   1 |  295.0 |
      Ice Cave |   1274 |   1274 |      0 |    441 |    270 |   1 | 1274.0 |
      Gauntlet |    240 |    240 |      0 |     49 |      0 |   1 |  240.0 |
               +--------+--------+--------+--------+--------+-----+--------+

Top non-repeatable levels by time:
    D:13: 1476 daAuts
 Snake:2: 1440 daAuts
     D:9: 1333 daAuts
   IceCv: 1274 daAuts
 Snake:1: 1240 daAuts
  Lair:4: 1238 daAuts
    D:15: 1172 daAuts
  Lair:5: 1131 daAuts
  Lair:2: 1097 daAuts
     D:7: 1079 daAuts
    D:11: 1068 daAuts
  Lair:3: 1026 daAuts
     D:8: 989 daAuts
  Lair:1: 960 daAuts
    D:14: 938 daAuts
